 Dungeon Crawl Stone Soup version 0.32-a0-747-gc8563f6773 (webtiles) character file.

Game seed: 2295622786917740110

440 timneilson the Sneak (level 7, -2/40 HPs)
             Began as a Kobold Enchanter on Mar 17, 2024.
             Incinerated by a bombardier beetle (3 damage)
             ... with a burning spray
             ... on level 4 of the Dungeon.
             The game lasted 00:08:42 (3338 turns).

timneilson the Sneak (Kobold Enchanter)             Turns: 3338, Time: 00:08:43

Health: -2/40      AC:  4    Str:  6    XL:     7   Next: 22%
Magic:  10/10      EV: 15    Int: 16    God:
Gold:   211        SH:  0    Dex: 17    Spells: 7/10 levels left

rFire   . . .        b - +1 rapier
rCold   . . .        (no shield)
rNeg    . . .        l - +0 leather armour
rPois   .            o - +0 helmet
rElec   .            (no cloak)
rCorr   .            (no gloves)
SInv    .            (no boots)
Will    .....        (no amulet)
Stlth   ++           (no ring)
HPRegen 0.26/turn    (no ring)
MPRegen 0.12/turn

%: no passive effects
@: on fire, glowing
A: small, no large weapons, nightstalker 3
a: no special abilities


You were on level 4 of the Dungeon.
You visited 1 branch of the dungeon, and saw 4 of its levels.

You collected 211 gold pieces.

Inventory:

Hand Weapons
 a - a +1 dagger
 b - a +1 rapier (weapon)
Missiles
 f - 5 curare-tipped darts (quivered)
 p - 6 poisoned darts
Armour
 l - a +0 leather armour (worn)
 o - a +0 helmet (worn)
Wands
 m - a wand of mindburst (12)
Scrolls
 d - 2 scrolls of teleportation
 e - 2 scrolls of vulnerability
 i - a scroll of amnesia
 j - 2 scrolls of identify
 k - a scroll of fog {unknown}
Potions
 c - a potion of invisibility
 g - 2 potions of curing
 h - 2 potions of enlightenment
 n - a potion of magic
 q - 2 potions of degeneration {unknown}
 r - a potion of haste {unknown}


   Skills:
 + Level 2.5 Fighting
 * Level 4.8 Short Blades
 + Level 1.9 Armour
 * Level 5.0 Dodging
 + Level 5.4 Stealth
 - Level 2.1 Spellcasting
 - Level 3.0 Hexes
 + Level 1.1 Evocations


You had 7 spell levels left.
You knew the following spells:

 Your Spells              Type           Power      Damage    Failure   Level
a - Ensorcelled Hibernat  Hex/Ice        12%        N/A       26%         2
b - Apportation           Tloc           2%         N/A       30%         1

Your spell library contained the following spells:

 Spells                   Type           Power      Damage    Failure   Level
 Confusing Touch          Hex            11%        N/A       26%         3
 Tukima's Dance           Hex            11%        N/A       26%         3
 Foxfire                  Conj/Fire      4%         2x1d4     30%         1
 Necrotise                Necr           4%         1d4       30%         1
 Sting                    Conj/Alch      4%         1d3       30%         1
 Summon Small Mammal      Summ           4%         N/A       30%         1
 Mercury Vapours          Alch/Air       2%         N/A       43%         2
 Dazzling Flash           Conj/Hex       12%        N/A       45%         3
 Volatile Blastmotes      Fire/Tloc      2%         2d10      67%         3
 Fulminant Prism          Conj/Alch      0%         3d5       97%         4
 Iskenderun's Mystic Bla  Conj/Tloc      1%         2d3       97%         4
 Olgreb's Toxic Radiance  Alch           1%         N/A       97%         4
 Plasma Beam              Fire/Air       0%         2x1d10    100%        6
 Starburst                Conj/Fire      0%         6d3       100%        6


Dungeon Overview and Level Annotations

Branches:
Dungeon (4/15)
 Temple: D:4-7

Altars:


Innate Abilities, Weirdness & Mutations

You are small and have problems with some larger weapons.
You are completely attuned to the shadows.


Message History

You hit the bombardier beetle.
The bombardier beetle is severely wounded.
The liquid fire burns you!
The bombardier beetle bites you but does no damage.
You closely miss the bombardier beetle.
The bombardier beetle is severely wounded.
The liquid fire burns you!
You hit the bombardier beetle.
The bombardier beetle is severely wounded.
The liquid fire burns you!
The bombardier beetle barely misses you.
You hit the bombardier beetle.
The bombardier beetle is almost dead.
The liquid fire burns you!
The bombardier beetle sprays incendiary fluid at you.
The burning spray hits you.
You are even more covered in liquid fire!
You hit the bombardier beetle but do no damage.
The bombardier beetle is almost dead.
The liquid fire burns you!
You barely miss the bombardier beetle.
The bombardier beetle is almost dead.
The liquid fire burns you! The bombardier beetle bites you.
* * * LOW HITPOINT WARNING * * *
You completely miss the bombardier beetle.
The bombardier beetle is almost dead.
The liquid fire burns you!
* * * LOW HITPOINT WARNING * * *
You puncture the bombardier beetle!
You kill the bombardier beetle!
The liquid fire burns you!
* * * LOW HITPOINT WARNING * * *
Your Dodging skill increases to level 5!
You shake off some of the fire as you move.
The liquid fire burns you!
* * * LOW HITPOINT WARNING * * *
You shake off some of the fire as you move.
The liquid fire burns you!
You die...

.##+##...').......
...######........
.......# #........
........######......
.........##..........
.........##..........
..........'..........
......#...#..........
....@.#...#..........
......#...#......)...
......#...#..........
......# #..........
......# #########..
#.. ###


There were no monsters in sight!

Vanquished Creatures
  A phantom (D:3)
  A scorpion (D:4)
  3 bombardier beetles (D:4)
  2 iguanas (D:4)
  Ijyb (D:4)
  5 adders
  A shadow imp (D:3)
  A dart slug (D:2)
  3 ribbon worms
  2 orcs
  5 ball pythons
  3 bats
  7 endoplasms
  3 giant cockroaches
  7 goblins
  7 hobgoblins
  5 kobolds
  5 quokkas
  5 frilled lizards
  4 rats
71 creatures vanquished.

Notes
Turn   | Place    | Note
-------+----------+-------------------------------------------
     0 | D:1      | timneilson the Kobold Enchanter began the quest for the
                  | Orb.
     0 | D:1      | Reached XP level 1. HP: 10/10 MP: 3/3
   106 | D:1      | Reached XP level 2. HP: 4/15 MP: 5/5
   560 | D:2      | Learned a level 2 spell: Ensorcelled Hibernation
   562 | D:2      | Learned a level 1 spell: Apportation
   594 | D:2      | Reached XP level 3. HP: 13/20 MP: 6/6
  1073 | D:2      | Reached skill level 1 in Fighting
  1094 | D:2      | Reached XP level 4. HP: 25/25 MP: 7/7
  1731 | D:3      | Noticed a phantom
  1751 | D:3      | Killed a phantom
  1752 | D:3      | Reached skill level 1 in Armour
  1752 | D:3      | Reached XP level 5. HP: 5/29 MP: 8/8
  2706 | D:4      | Reached XP level 6. HP: 35/35 MP: 9/9
  2761 | D:4      | Reached skill level 5 in Stealth
  2809 | D:4      | Noticed Ijyb
  2823 | D:4      | Killed Ijyb
  3085 | D:4      | Reached XP level 7. HP: 40/40 MP: 10/10
  3198 | D:4      | Reached skill level 1 in Evocations
  3337 | D:4      | Reached skill level 5 in Dodging
  3337 | D:4      | HP: 1/40 [burnt (4)]
  3338 | D:4      | Incinerated by a bombardier beetle

Illustrated notes

Levels and vault maps discovered:
D:1:      spicycebolla_arrival_ecumenical, layout_rooms
D:2:      layout_basic, minmay_misc_feat_chi
D:3:      minmay_evil_eye, layout_basic, grunt_ministairs_14
D:4:      layout_basic, uniq_ijyb

Skill      XL: |  1  2  3  4  5  6  7 |
---------------+----------------------+-----
Short Blades   | 2 3 4 |  4.8
Dodging        | 3 4 5 |  5.0
Fighting       | 1 2 |  2.5
Armour         | 1 |  1.9
Stealth        | 5 |  5.4
Evocations     | 1 |  1.1
Spellcasting   | |  2.1
Hexes          | |  3.0

Action                     |  1- 3 |  4- 6 |  7- 9 || total
---------------------------+-------+-------+-------++-------
  Melee: Dagger            |    64 |    33 |       ||    97
         Rapier            |       |    91 |    19 ||   110
  Throw: Dart              |       |     2 |       ||     2
    Use: Scroll            |     3 |     5 |       ||     8
         Potion            |       |     1 |       ||     1
   Stab: Sleeping          |    14 |    19 |     2 ||    35
         Invisible         |       |     1 |       ||     1
         Distracted        |       |     1 |       ||     1
 Armour: Robe              |    19 |    10 |       ||    29
         Leather armour    |       |    27 |     4 ||    31
  Dodge: Dodged            |    26 |    56 |     4 ||    86

Table legend: (Time is in decaauts)
 A = Elapsed time spent in this place.
 B = Non-inter-level travel time spent in this place.
 C = Inter-level travel time spent in this place.
 D = Time resting spent in this place.
 E = Time spent auto-exploring this place.
 F = Levels seen in this place.
 G = Mean time per level.
                   A        B        C        D        E       F      G
               +--------+--------+--------+--------+--------+-----+--------+
         Total |   3327 |   3275 |     52 |    490 |   1852 |   4 |  831.8 |
       Dungeon |   3327 |   3275 |     52 |    490 |   1852 |   4 |  831.8 |
               +--------+--------+--------+--------+--------+-----+--------+

Top non-repeatable levels by time:
     D:3: 1123 daAuts
     D:2: 997 daAuts
     D:4: 701 daAuts
     D:1: 504 daAuts
